 Dungeon Crawl Stone Soup version 0.28-a0-1624-g820543e53a (webtiles) character file.

Game seed: 8989806851125279513

232 hashsling the Chopper (level 6, -5/56 HPs)
             Began as a Hill Orc Monk on Jan 23, 2022.
             Succumbed to Edmund's poison
             ... on level 4 of the Dungeon.
             The game lasted 00:07:36 (4123 turns).

hashsling the Chopper (Hill Orc Monk)               Turns: 4123, Time: 00:07:37

Health: -5/56      AC:  8    Str: 16    XL:     6   Next: 4%
Magic:  6/6        EV: 10    Int: 16    God:
Gold:   113        SH:  0    Dex: 13    Spells: 5/5 levels left

rFire   . . .      SeeInvis .   a - +0 hand axe
rCold   . . .      Faith    .   (no shield)
rNeg    . . .      Spirit   .   e - +0 scale mail
rPois   .          Reflect  .   (no helmet)
rElec   .          Harm     .   (no cloak)
rCorr   .          Rampage  .   (no gloves)
Will    .....                   i - +0 pair of boots
Stlth   ..........              (no amulet)
HPRegen 0.18/turn               c - +6 ring of intelligence
MPRegen 0.10/turn               (no ring)

@: mighty, lethally poisoned (-5 -> -40)
A: no striking features
a: no special abilities


You were on level 4 of the Dungeon.
You visited 1 branch of the dungeon, and saw 4 of its levels.

You collected 113 gold pieces.

Inventory:

Hand Weapons
 a - a +0 hand axe (weapon)
Armour
 b - a +0 robe
 e - a +0 scale mail (worn)
 f - a +0 chain mail
 i - a +0 pair of boots (worn)
Jewellery
 c - a +6 ring of intelligence (left hand)
 p - a +6 ring of dexterity
Wands
 g - a wand of digging (2)
Scrolls
 d - a scroll of enchant weapon {unknown}
 h - a scroll of fog {unknown}
 j - 3 scrolls of vulnerability {unknown}
 m - a scroll of fear {unknown}
 n - a scroll of identify {unknown}
 o - 2 scrolls of brand weapon {unknown}
 q - a scroll of teleportation {unknown}
Potions
 k - a potion of magic


   Skills:
 + Level 5.0 Fighting
 + Level 5.5 Axes
 * Level 4.0 Armour
 - Level 2.5 Dodging
 - Level 1.5 Stealth


You had 5 spell levels left.
You didn't know any spells.
Your spell library contained the following spells:

 Spells                   Type           Power      Damage    Failure   Level
 Corpse Rot               Necr/Air       0%         N/A       78%         2
 Poisonous Vapours        Pois/Air       0%         N/A       78%         2


Dungeon Overview and Level Annotations

Branches:
Dungeon (4/15)
 Temple: D:4-7

Altars:

Annotations:
D:4 Edmund


Message History

You hit Edmund.
Edmund is lightly wounded.
Edmund hits you with a +1 flail of venom.
You are poisoned.
It was a potion of magic.
Magic courses through your body.
You feel very sick. Edmund hits you but does no damage.
You are more poisoned.
It was a potion of might.
You feel very mighty all of a sudden.
You feel very sick. Edmund closely misses you.
You hit Edmund. Your punch misses Edmund.
Edmund is lightly wounded.
You feel very sick.
Edmund hits you with a +1 flail of venom.
You are more poisoned.
You hit Edmund.
Edmund is moderately wounded.
You feel very sick.
Edmund says, "People accused me of being a cutpurse!"
Edmund hits you with a +1 flail of venom!
You are lethally poisoned!
The ogre shouts!
You slash Edmund!
Edmund is heavily wounded.
You feel extremely sick.
Edmund hits you with a +1 flail of venom.
* * * LOW HITPOINT WARNING * * *
You hit Edmund but do no damage.
Edmund is heavily wounded.
* * * LOW HITPOINT WARNING * * *
You feel very sick.
Edmund hits you with a +1 flail of venom.
* * * LOW HITPOINT WARNING * * *
You are more poisoned.
Unknown command.
You hit Edmund. You punch Edmund!
Edmund is severely wounded.
You die...

..>#.###..#...###.#.........###
...#.....###...#.........#..#
.....##..#...........##.##..#
......##.^............###...#
..)...............(.### #..#
...........O.....##..### ...#
.......#.........#.....##.###
.................##.....#.
....##.....##...@..........
......#.......###@..##.....
.....##....# #.##........
.....# .# ... ..#...... >#
..... ..#...... .....@. ..#
..... ....#..#..# .## ....#..
.# ## ..# ###


You could see Edmund and an ogre.

Vanquished Creatures
  A scorpion (D:4)
  A bullfrog skeleton (D:4)
  A hound skeleton (D:4)
  4 adders
  2 worms (D:2)
  3 dart slugs
  6 ball pythons
  9 endoplasms
  4 giant cockroaches
  14 goblins
  A hobgoblin (D:1)
  3 jackals (D:3)
  2 quokkas (D:2)
  8 bats
  3 frilled lizards
  12 kobolds
  5 rats
79 creatures vanquished.

Notes
Turn   | Place    | Note
-------+----------+-------------------------------------------
     0 | D:1      | hashsling the Hill Orc Monk began the quest for the Orb.
     0 | D:1      | Reached XP level 1. HP: 19/19 MP: 1/1
   407 | D:1      | Reached XP level 2. HP: 12/27 MP: 2/2
  1131 | D:1      | Reached skill level 1 in Armour
  1449 | D:1      | Reached XP level 3. HP: 33/33 MP: 3/3
  1954 | D:2      | Reached XP level 4. HP: 21/41 MP: 4/4
  2358 | D:2      | Found a faded altar of an unknown god.
  2720 | D:3      | Reached skill level 5 in Axes
  2902 | D:3      | Found a faded altar of an unknown god.
  3281 | D:3      | Reached XP level 5. HP: 41/47 MP: 5/5
  3522 | D:4      | HP: 2/47 [poisoned by a scorpion]
  3841 | D:4      | Reached skill level 5 in Fighting
  3841 | D:4      | Reached XP level 6. HP: 40/56 MP: 6/6
  4111 | D:4      | Noticed Edmund
  4122 | D:4      | HP: 2/56 [Edmund (5)]
  4123 | D:4      | Succumbed to Edmund's poison

Illustrated notes

Levels and vault maps discovered:
D:1:      amcnicky_arrival_flooded_fountain, layout_basic
D:2:      layout_basic, shapermc_ecumenical_altar_mp_highgroup
D:3:      layout_basic, nicolae_overflow_ecumenical_swirl
D:4:      layout_cave_pools, nicolae_overflow_crystal_walls,
          nicolae_shop_self_help, uniq_edmund, uniq_blork_the_orc, uniq_menkaure

Skill      XL: |  1  2  3  4  5 |
---------------+----------------+-----
Fighting       | 4 5 |  5.0
Armour         | 1 2 3 4 |  4.0
Axes           | 5 |  5.5
Dodging        | |  2.5
Stealth        | |  1.5

Action                   |  1- 3 |  4- 6 || total
-------------------------+-------+-------++-------
Melee: Hand axe          |   117 |   161 ||   278
       Punch             |       |     4 ||     4
  Use: Potion            |       |     2 ||     2
Armor: Robe              |     4 |       ||     4
       Scale mail        |    39 |    78 ||   117
Dodge: Dodged            |    50 |    86 ||   136

Table legend: (Time is in decaauts)
 A = Elapsed time spent in this place.
 B = Non-inter-level travel time spent in this place.
 C = Inter-level travel time spent in this place.
 D = Time resting spent in this place.
 E = Time spent auto-exploring this place.
 F = Levels seen in this place.
 G = Mean time per level.
                   A        B        C        D        E       F      G
               +--------+--------+--------+--------+--------+-----+--------+
         Total |   4140 |   4078 |     62 |      0 |   3384 |   4 | 1035.0 |
       Dungeon |   4140 |   4078 |     62 |      0 |   3384 |   4 | 1035.0 |
               +--------+--------+--------+--------+--------+-----+--------+

Top non-repeatable levels by time:
     D:1: 1499 daAuts
     D:3: 1192 daAuts
     D:2: 1092 daAuts
     D:4: 356 daAuts
